Map: Blackpink LE

Players

JJAKJI - Winner!

  • Race: Terran Terran
  • Spawn Location: 1:00

PtitDrogo

  • Race: Protoss Protoss
  • League: Master
  • Spawn Location: 7:00

Event: HomeStory Cup XVI

VOD

Have the link to the VOD?

Description

Time

  • Played on: Nov. 9, 2017, 4:56 p.m.
  • Length: 10:54

All games in this series

Show
View Real Time Build Order
Export as new Build Order

JJAKJI Terran - Winner!

Build Orders: Command Center First (CC), MMM Bio 

Get SALT Encoding   

  12  0:00  SCV  
  13  0:13  SCV  
  14  0:16  Supply Depot  
  14  0:25  SCV  
  15  0:38  SCV  
  16  0:50  SCV  
  17  0:58  Command Center  
  17  1:02  SCV  
  18  1:12  Barracks  
  18  1:15  SCV  
  19  1:27  SCV  
  19  1:30  Barracks  
  21  1:40  SCV  
  21  1:42  Barracks  
  21  1:52  SCV  
  22  2:01  Marine  
  23  2:04  Orbital Command  
  23  2:10  Orbital Command  
  23  2:17  Marine  
  23  2:18  Marine  
  23  2:20  Refinery  
  25  2:25  Refinery  
  25  2:29  SCV, Marine  
  26  2:35  Marine  
  26  2:36  Marine  
  29  2:37  SCV  
  29  2:41  SCV  
  31  2:46  Supply Depot  
  31  2:49  SCV  
  32  2:54  Barracks Tech Lab  
  32  2:55  SCV  
  32  2:56  Marine  
  32  2:57  Marine  
  35  3:02  SCV  
  35  3:04  Engineering Bay  
  36  3:07  SCV  
  37  3:13  Marine  
  37  3:14  Marine x2  
  37  3:16  Stimpack  
  37  3:19  Supply Depot  
  40  3:20  SCV  
  40  3:21  SCV  
  42  3:30  Factory  
  42  3:33  Missile Turret, SCV  
  43  3:35  SCV  
  44  3:43  Marine  
  44  3:44  Barracks Reactor, Barracks Tech Lab  
  44  3:46  Supply Depot  
  45  3:49  SCV  
  45  3:50  SCV  
  45  3:55  Refinery  
  47  4:00  Marine  
  46  4:06  Marine  
  45  4:12  Combat Shields  
  45  4:13  SCV  
  45  4:14  SCV  
  45  4:18  Marine  
  45  4:21  Marine x2  
  48  4:24  Marine  
  48  4:25  Starport, Missile Turret, SCV  
  48  4:26  SCV  
  48  4:30  Factory Reactor  
  51  4:36  Marine  
  51  4:38  Supply Depot, SCV x2  
  54  4:39  Marine x2  
  54  4:42  Marine  
  53  4:50  SCV x2  
  53  4:54  Terran Infantry Weapons Level 1, Marine  
  53  4:57  Marine x2  
  53  4:59  Marine  
  56  5:02  SCV x2  
  59  5:09  Supply Depot  
  59  5:12  Marine  
  60  5:14  Medivac x2, SCV x2  
  60  5:15  Marine x2  
  67  5:27  SCV x2  
  69  5:35  Command Center  
  69  5:39  SCV x2  
  69  5:41  Marauder x2, Marine x2  
  69  5:42  Concussive Shells  
  77  5:48  Supply Depot  
  77  5:50  Supply Depot  
  77  5:54  SCV  
  78  6:04  Barracks  
  78  6:08  Refinery, Barracks  
  78  6:10  Medivac, Widow Mine, SCV  
  82  6:12  Supply Depot  
  82  6:13  Medivac  
  82  6:16  Marine x2  
  86  6:28  Marauder x2  
  86  6:34  Marine x2  
  86  6:38  Widow Mine  
  89  6:44  Medivac x2  
  91  6:49  Marauder, Orbital Command  
  91  6:50  Marauder, SCV x2  
  91  6:51  Missile Turret  
  91  6:52  Marine x2  
  99  6:59  Barracks Reactor, Barracks Tech Lab  
  99  7:02  SCV x2  
  99  7:07  Widow Mine  
  99  7:08  Liberator x2, Terran Infantry Armor Level 1  
  103  7:10  Marine x2  
  103  7:11  Marauder x2  
  103  7:14  SCV  
  103  7:15  SCV  
  111  7:20  Supply Depot  
  111  7:22  Supply Depot  
  110  7:26  SCV  
  116  7:38  Marauder  
  116  7:39  Marauder  
  116  7:42  Marauder, Marine x4  
  123  7:44  Refinery  
  123  7:45  Supply Depot, SCV, Refinery  
  123  7:46  Supply Depot, SCV x2  
  124  7:56  Liberator  
  124  7:57  Widow Mine  
  126  7:58  Liberator  
  126  7:59  Armory  
  126  8:00  Marauder  
  126  8:01  Marauder, Engineering Bay  
  126  8:02  Marine x3  
  133  8:13  Marine  
  133  8:14  Marauder  
  133  8:19  SCV x2  
  144  8:24  Marauder x2, Marine  
  149  8:29  Supply Depot  
  149  8:33  Marine  
  147  8:35  Marauder  
  147  8:39  Liberator  
  146  8:45  Marauder, Factory Reactor  
  148  8:48  Starport  
  148  8:50  Command Center  
  148  8:57  Liberator  
  148  9:02  Marauder x2  
  151  9:04  Marine x3  
  151  9:07  Marauder  
  155  9:20  Marine  
  155  9:22  Marine x2  
  155  9:23  Marauder x2  
  152  9:28  Marauder, Marine  
  153  9:33  Supply Depot x4  
  153  9:36  Medivac x2  
  153  9:38  Marine  
  142  9:39  Medivac, Marine  
  142  9:45  Marauder x2  
  140  9:47  Missile Turret  
  136  9:56  Missile Turret  
  136  9:57  Marauder, Marine x2  
  136  9:58  Marine  
  141  10:05  Marine  
  141  10:06  Marauder x2  
  146  10:10  Supply Depot  
  146  10:12  Missile Turret  
  143  10:15  Marine x2  
  143  10:18  Marauder  
  145  10:27  Marauder x2  
  153  10:32  Marine x2  
  153  10:33  Marine  
Show
View Real Time Build Order
Export as new Build Order

PtitDrogo Protoss 

Build Orders: 1 Gate Expand, Oracle Opening 

Get SALT Encoding   

  12  0:02  Probe (Chrono Boost)  
  14  0:14  Probe (Chrono Boost)  
  14  0:18  Pylon  
  14  0:26  Probe (Chrono Boost)  
  14  0:28  Assimilator  
  15  0:36  Probe (Chrono Boost)  
  15  0:42  Gateway, Probe (Chrono Boost)  
  17  0:53  Probe (Chrono Boost)  
  19  1:05  Probe (Chrono Boost)  
  19  1:17  Probe (Chrono Boost)  
  20  1:22  Nexus  
  20  1:31  Cybernetics Core  
  20  1:36  Probe (Chrono Boost)  
  20  1:39  Assimilator  
  22  1:48  Probe (Chrono Boost)  
  22  1:50  Pylon  
  22  1:57  Probe (Chrono Boost)  
  22  1:58  Adept  
  23  2:04  Probe (Chrono Boost)  
  26  2:12  Stargate  
  26  2:19  Probe (Chrono Boost)  
  26  2:22  Warp Gate  
  27  2:28  Adept  
  30  2:31  Probe (Chrono Boost)  
  31  2:37  Probe (Chrono Boost)  
  31  2:43  Probe (Chrono Boost)  
  32  2:45  Oracle  
  32  2:49  Probe (Chrono Boost)  
  33  2:55  Adept, Probe (Chrono Boost)  
  39  3:01  Probe (Chrono Boost)  
  40  3:07  Probe (Chrono Boost)  
  42  3:13  Probe (Chrono Boost)  
  42  3:15  Gateway  
  42  3:17  Pylon  
  43  3:21  Probe (Chrono Boost)  
  43  3:25  Probe (Chrono Boost)  
  44  3:33  Probe (Chrono Boost)  
  45  3:34  Oracle  
  45  3:37  Probe (Chrono Boost)  
  49  3:43  Probe (Chrono Boost)  
  49  3:47  Nexus  
  50  3:49  Probe (Chrono Boost), Pylon  
  50  3:53  Probe (Chrono Boost)  
  52  4:11  Probe (Chrono Boost)  
  52  4:13  Assimilator  
  52  4:14  Oracle, Assimilator, Probe (Chrono Boost)  
  54  4:17  Probe (Chrono Boost), Twilight Council  
  54  4:18  Forge  
  55  4:25  Blink  
  55  4:26  Probe (Chrono Boost), Pylon  
  55  4:28  Gateway  
  55  4:30  Sentry  
  58  4:34  Probe (Chrono Boost)  
  58  4:36  Adept  
  62  4:39  Probe (Chrono Boost)  
  62  4:41  Protoss Ground Weapons Level 1  
  64  4:53  Probe x2 (Chrono Boost)  
  64  5:01  Gateway  
  64  5:03  Probe (Chrono Boost)  
  64  5:04  Gateway  
  64  5:05  Probe (Chrono Boost)  
  66  5:07  Shield Battery  
  66  5:09  Probe (Chrono Boost)  
  68  5:14  Adept  
  68  5:15  Probe (Chrono Boost)  
  68  5:17  Probe (Chrono Boost)  
  68  5:23  Probe (Chrono Boost)  
  68  5:25  Sentry  
  68  5:27  Probe (Chrono Boost)  
  73  5:29  Probe (Chrono Boost)  
  74  5:35  Gateway  
  74  5:36  Gateway x2, Probe (Chrono Boost)  
  74  5:40  Probe (Chrono Boost), Sentry  
  74  5:41  Stalker  
  80  5:44  Probe (Chrono Boost), Pylon  
  80  5:47  Oracle  
  80  5:48  Probe (Chrono Boost)  
  85  5:57  Probe (Chrono Boost)  
  85  5:58  Pylon  
  85  5:59  Pylon  
  85  6:00  Pylon  
  87  6:04  Probe x2 (Chrono Boost)  
  87  6:06  Shield Battery  
  87  6:11  Shield Battery  
  87  6:12  Pylon  
  87  6:13  Sentry  
  87  6:16  Adept x3  
  87  6:17  Adept  
  97  6:22  Protoss Ground Armor Level 1  
  94  6:34  Resonating Glaives  
  94  6:36  Stalker x3  
  94  6:37  Stalker x2  
  96  6:54  Stalker  
  96  6:55  Shield Battery  
  96  6:58  Photon Cannon, Assimilator, Probe x2 (Chrono Boost)  
  96  7:00  Assimilator  
  100  7:02  Pylon  
  100  7:05  Pylon  
  100  7:06  Pylon  
  100  7:10  Stalker x5  
  110  7:16  Photon Cannon  
  110  7:22  Probe (Chrono Boost)  
  111  7:23  Robotics Facility  
  111  7:26  Probe (Chrono Boost)  
  111  7:28  Adept x3  
  118  7:33  Adept x4  
  120  7:41  Stalker  
  123  7:45  Probe (Chrono Boost)  
  123  7:49  Pylon  
  123  7:57  Stalker  
  125  8:01  Observer  
  125  8:02  Pylon  
  125  8:05  Pylon  
  125  8:08  Pylon x2  
  125  8:10  Nexus  
  126  8:16  Sentry  
  126  8:17  Stalker x2  
  130  8:43  Warp Prism  
  130  8:44  Adept x7  
  144  8:54  Probe x2 (Chrono Boost)  
  144  8:55  Pylon  
  148  8:56  Adept  
  142  9:07  Adept x5  
  142  9:08  Pylon  
  150  9:11  Pylon  
  124  9:30  Pylon  
  111  9:43  Stalker x6  
  103  10:13  Stalker x6  
  103  10:14  Stalker x2  
  98  10:36  Assimilator x2  
  98  10:37  Stalker x6  
  98  10:38  Stalker x2  
Tags
 
Add a new tag
Caveats
  • Supply blocks, unpowered buildings, or Contaminate may cause inaccurate times.
  • Supply counts are checked every 10 seconds.